 Dungeon Sprint DCSS version 0.20.1-1-g8b1a95d (webtiles) character file.

12561 JustSomeDude the Ninja (level 11, 0/101 HPs)
             Began as a Vampire Assassin on Aug 26, 2017.
             Was the Champion of Dithmenos.
             Slain by a hellwing (9 damage)
             ... in the Dungeon (Sprint I: "Red Sonja").
             The game lasted 00:27:03 (3175 turns).

JustSomeDude the Ninja (Vampire Assassin)           Turns: 3175, Time: 00:27:04

Health: 0/101      AC:  4    Str:  6      XL:     11   Next: 64%
Magic:  11/11      EV: 17    Int: 14      God:    Dithmenos [******]
Gold:   1749       SH:  0    Dex: 21 (23) Spells: 10/10 levels left

rFire    + . .     SeeInvis +   p - +2 short sword (distort)
rCold    + + .     Gourm    .   (no shield)
rNeg     + + .     Faith    .   n - +0 leather armour
rPois    +         Spirit   .   (no helmet)
rElec    +         Reflect  .   d - +0 cloak
rCorr    +         Harm     .   (no gloves)
MR       +....     NoTele   +   r - +0 pair of boots
Stlth    ++++++++++             (no amulet)
Regen    0.2/turn               u - +6 ring of dexterity
MPRegen  0.2/turn               o - +3 ring of evasion

@: resistant, mesmerised, regenerating slowly, wreathed by umbra
A: fangs 3, see invisible, berserk 2, clumsy 1, deformed body, deterioration 1,
robust 1, weak 2, unbreathing, no potion heal 1, subdued magic 2
a: Bat Form, Shadow Step, Shadow Form, Renounce Religion


You were in the Dungeon.
You worshipped Dithmenos.
Dithmenos was exalted by your worship.
You were thirsty.

You visited 1 branch You collected 3046 gold pieces.
You spent 1297 gold pieces at shops.

Inventory:

Hand Weapons
 a - a +2 dagger of freezing
 b - a +0 blowgun
 p - a +2 short sword of distortion (weapon)
Missiles
 c - 55 stones (quivered)
 e - 21 poisoned needles
 f - 10 curare-tipped needles
Armour
 d - a +0 cloak (worn)
 n - a +0 leather armour (worn)
 r - a +0 pair of boots (worn)
Jewellery
 o - a +3 ring of evasion (right hand)
 u - a +6 ring of dexterity (left hand)
Scrolls
 m - a scroll of remove curse
 q - 2 scrolls of blinking
Potions
 h - 4 potions of curing
 k - a potion of magic
 s - a potion of lignification
Miscellaneous
 l - a crystal ball of energy


   Skills:
 + Level 10.6 Fighting
 + Level 15.7 Short Blades
 + Level 6.9 Throwing
 + Level 5.1 Armour
 + Level 4.6 Dodging
 O Level 27 Stealth


You had 10 spell levels left.
You didn't know any spells.

Dungeon Overview and Level Annotations

Branches:
Dungeon (1/1)

Altars:
Cheibriados
Dithmenos
Elyvilon
Fedhas
Gozag
Hepliaklqana
Kikubaaqudgha
Makhleb
Nemelex Xobeh
Okawaru
Qazlal
Ru
Sif Muna
Trog
Uskayaw
Vehumet
Xom
Yredelemnul
Zin
The Shining One
Jiyva
Lugonu

Shops:
D =[[==%!=[:%!((}}*::[*

Annotations:
D exclusion: oklob plant


Innate Abilities, Weirdness & Mutations

You heal slowly.
You have razor-sharp teeth.
You have supernaturally acute eyesight. (SInv)
You can survive without breathing.
You often lose your temper in combat.
You are clumsy. (Dex -2)
Armour fits poorly on your strangely shaped body.
Your body sometimes deteriorates upon taking damage.
You are robust. (+10% HP)
You are very weak. (Str -4)
Potions are less effective at restoring your health.
Your spells are easier to cast, but less powerful.


Message History

You fail to use your ability.
The hornet completely misses you.
The merfolk siren chants its luring song.
The hellwing misses you.
The hellwing hits you but does no damage.
You fail to use your ability.
The hornet closely misses you.
The mummy priest calls down the wrath of its god upon you.
Something smites you!
* * * LOW HITPOINT WARNING * * *
The merfolk siren chants its luring song.
The hellwing barely misses you. The hellwing hits you!
* * * LOW HITPOINT WARNING * * *
The hornet stings you.
* * * LOW HITPOINT WARNING * * *
You fail to use your ability.
The hornet misses you.
The merfolk siren chants its luring song.
The hellwing barely misses you. x2
You fail to use your ability.
The hornet closely misses you.
The merfolk siren chants its luring song.
The hellwing hits you!
You die...

####################**********
.§§§§§§.§..#(^+§§§$#,,,,,,,,,*
##§§§§§##..'^^#§§$$##,,,,,,,,*
###§§.#######'#.§§§§#****,,,,*
#.###+#,,,*#..#$.§$§#,,,*,,,,*
..#y#.#*,,,#..##.§§§#,∩,*,,,,*
..###§§###$#..≈###'##,,,*,,,,*
....##.#A#$#.4y4@#.#***+*,,,,*
....#,.###$#.nyy##+#,,,,**,,,*
#''##,##..$#.my##.§§§.§,,**,,*
..##*,,*+###.n≈#....§§....*,,*
#..###,,,*P≈..##..§..§....**,*
#..#§###,#M≈..#...,§D|....,*,*
.......#,###..#..§,,=D§...,*,*
.......#,*,+..##..,,......**,*
.§..####+*,**'*#$,,,,§$$$$*,,*


You could see a mummy priest, an oklob plant, a hellwing, a rust devil, a
merfolk siren, 4 hornets and 2 necrophages.

Vanquished Creatures
  A hydra (D)
  A centaur warrior (D)
  Sonja (D)
  A deep troll (D)
  2 unseen horrors (D)
  A lindwurm (D)
  5 shining eyes (D)
  An oklob plant (D)
  A merfolk siren (D)
  A gargoyle (D)
  A kobold demonologist (D)
  4 demonic crawlers (D)
  A slime creature (D)
  A hornet (D)
  Sigmund (D)
  2 redbacks (D)
  A yak (D)
  12 hogs (D)
  6 floating eyes (D)
  6 necrophages (D)
  An ogre (D)
  6 jellies (D)
  Ijyb (D)
  A ballistomycete spore (D)
59 creatures vanquished.

Vanquished Creatures (others)
  A lorocyproca (D)
  A centaur warrior (D)
  3 shining eyes (D)
  A gargoyle (D)
  A kobold demonologist (D)
  A hog (D)
  A floating eye (D)
  A necrophage (D)
  2 jellies (D)
  A ballistomycete spore (D)
13 creatures vanquished.

Grand Total: 72 creatures vanquished

Notes
Turn   | Place    | Note
-------+----------+-------------------------------------------
     0 | D        | JustSomeDude the Vampire Assassin began the quest for the Orb.
     0 | D        | Reached XP level 1. HP: 16/16 MP: 1/1
    56 | D        | Noticed Ijyb
    58 | D        | Killed Ijyb
    58 | D        | Reached skill level 9 in Stealth
    58 | D        | Reached XP level 2. HP: 22/22 MP: 2/2
    63 | D        | Noticed an ogre
    66 | D        | Killed an ogre
    66 | D        | Reached skill level 12 in Stealth
    66 | D        | Reached XP level 3. HP: 28/28 MP: 3/3
    66 | D        | Reached XP level 4. HP: 34/34 MP: 4/4
    75 | D        | Noticed Sigmund
    78 | D        | Killed Sigmund
    78 | D        | Reached skill level 16 in Stealth
    78 | D        | Reached XP level 5. HP: 41/41 MP: 5/5
    90 | D        | Found a burning altar of Makhleb.
    90 | D        | Found a viscous altar of Jiyva.
    90 | D        | Found a shimmering altar of Xom.
    90 | D        | Found a corrupted altar of Lugonu.
    90 | D        | Noticed a slime creature
    93 | D        | Killed a slime creature
    93 | D        | Reached skill level 18 in Stealth
    93 | D        | Reached XP level 6. HP: 48/48 MP: 6/6
    95 | D        | Found a deep blue altar of Sif Muna.
    97 | D        | Found a radiant altar of Vehumet.
   104 | D        | Found Porug's Jewellery Emporium.
   104 | D        | Found an ancient bone altar of Kikubaaqudgha.
   104 | D        | Found a hazy altar of Hepliaklqana.
   104 | D        | Found a stormy altar of Qazlal.
   104 | D        | Found a hide-covered altar of Uskayaw.
   104 | D        | Found a blossoming altar of Fedhas.
   104 | D        | Found a bloodstained altar of Trog.
   104 | D        | Found an iron altar of Okawaru.
   104 | D        | Found a basalt altar of Yredelemnul.
   104 | D        | Found a glowing golden altar of the Shining One.
   104 | D        | Found a snail-covered altar of Cheibriados.
   104 | D        | Found a sacrificial altar of Ru.
   104 | D        | Found a glowing silver altar of Zin.
   104 | D        | Found a shadowy altar of Dithmenos.
   104 | D        | Found a white marble altar of Elyvilon.
   104 | D        | Noticed a yak
   105 | D        | Found an opulent altar of Gozag.
   106 | D        | Killed a yak
   106 | D        | Reached skill level 5 in Short Blades
   106 | D        | Reached skill level 19 in Stealth
   106 | D        | Reached XP level 7. HP: 54/54 MP: 7/7
   107 | D        | Found a sparkling altar of Nemelex Xobeh.
   113 | D        | Became a worshipper of Dithmenos the Shadowed
   142 | D        | Bought a +3 ring of evasion for 294 gold pieces
   149 | D        | Noticed Sonja
   153 | D        | Killed Sonja
   153 | D        | Reached skill level 22 in Stealth
   153 | D        | Reached XP level 8. HP: 61/61 MP: 8/8
   174 | D        | Found Viub's Jewellery Boutique.
   194 | D        | Noticed a deep troll
   198 | D        | Killed a deep troll
   198 | D        | Reached skill level 5 in Fighting
   198 | D        | Reached skill level 23 in Stealth
   219 | D        | Found Nasapn's Armour Emporium.
   223 | D        | Bought a +0 pair of boots for 63 gold pieces
   303 | D        | Noticed a shining eye
   303 | D        | Noticed a shining eye
   303 | D        | Noticed a shining eye
   303 | D        | Noticed a shining eye
   303 | D        | Noticed a shining eye
   303 | D        | Noticed a shining eye
   306 | D        | Gained mutation: Your spells are a little easier to cast, but a little less powerful. [a shining eye]
   307 | D        | Gained mutation: You are robust. (+10% HP) [a shining eye]
   317 | D        | Gained mutation: Your body sometimes deteriorates upon taking damage. [a shining eye]
   318 | D        | Gained mutation: You are weak. (Str -2) [a shining eye]
   342 | D        | Noticed a shining eye
   342 | D        | Noticed a shining eye
   343 | D        | Killed a shining eye
   343 | D        | Reached * piety under Dithmenos
   343 | D        | Reached skill level 5 in Throwing
   343 | D        | Reached skill level 24 in Stealth
   343 | D        | Reached XP level 9. HP: 74/74 MP: 9/9
   343 | D        | Paralysed by a floating eye for 4 turns
   350 | D        | Killed a shining eye
   350 | D        | Reached skill level 25 in Stealth
   350 | D        | Paralysed by a floating eye for 4 turns
   357 | D        | Paralysed by a floating eye for 3 turns
   363 | D        | Paralysed by a floating eye for 3 turns
   366 | D        | Killed a shining eye
   368 | D        | Paralysed by a floating eye for 3 turns
   371 | D        | Killed a shining eye
   372 | D        | Paralysed by a floating eye for 4 turns
   374 | D        | Gained mutation: You tend to lose your temper in combat. [a shining eye]
   375 | D        | Gained mutation: You are very weak. (Str -4) [a shining eye]
   377 | D        | Gained mutation: Potions are less effective at restoring your health. [a shining eye]
   378 | D        | Paralysed by a floating eye for 3 turns
   382 | D        | Gained mutation: Armour fits poorly on your strangely shaped body. [a shining eye]
   383 | D        | Killed a shining eye
   383 | D        | Reached ** piety under Dithmenos
   383 | D        | Reached skill level 26 in Stealth
   383 | D        | Gained mutation: Your spells are easier to cast, but less powerful. [a shining eye]
   385 | D        | Gained mutation: You often lose your temper in combat. [a shining eye]
   386 | D        | Paralysed by a floating eye for 3 turns
   388 | D        | Gained mutation: You are clumsy. (Dex -2) [a shining eye]
   391 | D        | Banished a shining eye
   402 | D        | Paralysed by a floating eye for 4 turns
   409 | D        | Killed a shining eye
   417 | D        | Paralysed by a floating eye for 2 turns
   420 | D        | Killed a gargoyle
   449 | D        | Noticed a kobold demonologist
   451 | D        | Paralysed by a floating eye for 3 turns
   457 | D        | Paralysed by a floating eye for 2 turns
   461 | D        | Reached skill level 27 in Stealth
   469 | D        | Noticed a kobold demonologist
   471 | D        | Killed a kobold demonologist
   471 | D        | Reached *** piety under Dithmenos
   471 | D        | Reached XP level 10. HP: 83/83 MP: 10/10
   483 | D        | Reached **** piety under Dithmenos
   483 | D        | Reached skill level 1 in Armour
   485 | D        | Reached skill level 10 in Short Blades
   501 | D        | Noticed a lindwurm
   505 | D        | Killed a lindwurm
   505 | D        | Reached ***** piety under Dithmenos
   532 | D        | Reached ****** piety under Dithmenos
   542 | D        | Noticed a daeva
   574 | D        | Noticed a 12-headed hydra
   576 | D        | Killed a 12-headed hydra
   576 | D        | Reached XP level 11. HP: 95/95 MP: 11/11
   907 | D        | Noticed a deep elf annihilator
  1028 | D        | Found Xepluoc's Antique Armour Shoppe.
  1028 | D        | Found Noheh's Jewellery Shop.
  1028 | D        | Found Ponysmesm's Antique Armour Emporium.
  1028 | D        | Found Bolumyer's Food Boutique.
  1092 | D        | Noticed a centaur warrior
  1092 | D        | Noticed a centaur warrior
  1096 | D        | Killed a shining eye
  1148 | D        | Noticed an oklob plant
  1150 | D        | Killed an oklob plant
  1190 | D        | Noticed an unseen horror
  1198 | D        | Killed a centaur warrior
  1236 | D        | Paralysed by a floating eye for 2 turns
  1266 | D        | HP: 1/99 [acid (6)]
  1306 | D        | HP: 7/148 [acid (5)]
  1307 | D        | HP: 3/148 [acid (4)]
  1449 | D        | Noticed a lorocyproca
  1457 | D        | Killed a centaur warrior
  1457 | D        | Reached skill level 15 in Short Blades
  1459 | D        | Banished a lorocyproca
  1459 | D        | Reached skill level 10 in Fighting
  1722 | D        | Noticed an unseen horror
  1743 | D        | Killed an unseen horror
  1747 | D        | Killed an unseen horror
  1965 | D        | Found Diusol's Jewellery Shoppe.
  1970 | D        | Found Zaphifev's Armour Boutique.
  1991 | D        | Found Nesat's Distillery.
  1994 | D        | Found Jallutu's Book Emporium.
  1994 | D        | Found Wol Geg's Food Shop.
  1994 | D        | Found Letzoaxt's Distillery.
  1994 | D        | Found Onnaj's Weapon Boutique.
  1994 | D        | Found Jeir's Antique Weapon Emporium.
  1994 | D        | Found Saekhlyobb's Gadget Shop.
  1994 | D        | Found Vuorroill's Gadget Shoppe.
  1995 | D        | Found Ynoim's General Store.
  1996 | D        | Found Gyro Dac's Book Emporium.
  1996 | D        | Found Beklaen's Book Boutique.
  1997 | D        | Found Foennesi's General Store.
  2005 | D        | Bought a scroll of blinking for 82 gold pieces
  2013 | D        | Bought a potion of lignification for 42 gold pieces
  2013 | D        | Bought a potion of resistance for 140 gold pieces
  2021 | D        | Bought a +6 ring of dexterity for 643 gold pieces
  2034 | D        | Bought a scroll of remove curse for 33 gold pieces
  2762 | D        | Noticed a shadow dragon
  2762 | D        | Noticed a golden dragon
  3158 | D        | Noticed a mummy priest
  3159 | D        | Reached skill level 5 in Armour
  3160 | D        | Noticed an oklob plant
  3175 | D        | Slain by a hellwing

Skill      XL: |  1  2  3  4  5  6  7  8  9 10 11 |
---------------+----------------------------------+-----
Fighting       | 2 3 4 5 6 8 10 | 10.6
Throwing       | 2 3 4 5 6 |  6.9
Stealth        | 9 12 16 18 19 22 24 27 | 27.0
Short Blades   | 3 4 5 6 8 13 15 | 15.7
Dodging        | 2 4 |  4.6
Armour         | 3 5 |  5.1

Action                   |  1- 3 |  4- 6 |  7- 9 | 10-12 || total
-------------------------+-------+-------+-------+-------++-------
Melee: Dagger            |     2 |     4 |     1 |       ||     7
       Short sword       |       |       |    24 |   106 ||   130
       Bite              |       |       |     2 |     8 ||    10
Throw: Stone             |       |       |     1 |       ||     1
Invok: Shadow Step       |       |       |       |     1 ||     1
  Use: Scroll            |       |       |     1 |     3 ||     4
       Potion            |       |       |     2 |    12 ||    14
 Stab: Sleeping          |     2 |     4 |     7 |    30 ||    43
       Confused          |       |       |       |     1 ||     1
Armor: Leather armour    |       |       |       |    11 ||    11
Dodge: Dodged            |       |       |       |    64 ||    64
